 Dungeon Crawl Stone Soup version 0.30.0-19-g36f170ea60 (webtiles) character file.

Game seed: 10533961112651286195

711 tizbic2 the Shield-Bearer (level 7, -5/48 HPs)
             Began as an Octopode Fighter on May 29, 2023.
             Was a Follower of Cheibriados.
             Slain by a centaur (6 damage)
             ... on level 5 of the Dungeon.
             The game lasted 00:17:08 (3360 turns).

tizbic2 the Shield-Bearer (Octopode Fighter)        Turns: 3360, Time: 00:17:08

Health: -5/48      AC:  1    Str: 19    XL:     7   Next: 68%
Magic:  0/7        EV: 14    Int: 12    God:    Cheibriados [*.....]
Gold:   168        SH:  5    Dex: 14    Spells: 6/6 levels left

rFire   . . .        a - +0 trident
rCold   . . .        b - +0 buckler
rNeg    . . .        (helmet restricted)
rPois   .            h - amulet of guardian spirit
rElec   .            k - ring of see invisible
rCorr   .            (no ring)
SInv    +            (no ring)
Will    .....        (no ring)
Stlth   ++           (no ring)
HPRegen 0.28/turn    (no ring)
MPRegen 0.10/turn    (no ring)
                     (no ring)

%: guardian spirit
@: invisible, very slow
A: almost no armour, amphibious, 8 rings, camouflage 1, gelatinous body 1,
(nimble swimmer 1), tentacles
a: Renounce Religion, Bend Time


You were on level 5 of the Dungeon.
You worshipped Cheibriados.
Cheibriados was aware of your devotion.
You visited 2 branches of the dungeon, and saw 6 of its levels.

You collected 168 gold pieces.

Inventory:

Hand Weapons
 a - a +0 trident (weapon)
 r - a +0 long sword
 t - a +0 war axe
Missiles
 d - a throwing net
 e - 50 stones (quivered)
 g - 3 curare-tipped darts
Armour
 b - a +0 buckler (worn)
Magical Staves
 f - a staff of poison
Jewellery
 h - an amulet of guardian spirit (around mantle)
 k - a ring of see invisible (left tentacle)
Wands
 p - a wand of acid (9)
 q - a wand of iceblast (16)
Scrolls
 i - 2 scrolls of torment
 l - a scroll of vulnerability
 m - 2 scrolls of teleportation
 o - a scroll of amnesia
 s - a scroll of blinking {unknown}
Potions
 c - a potion of might
 j - a potion of curing
 u - 2 potions of lignification {unknown}


   Skills:
 + Level 4.0 Fighting
 * Level 4.2 Polearms
 + Level 4.1 Dodging
 * Level 4.9 Shields
 + Level 3.1 Unarmed Combat
 + Level 1.2 Invocations
 + Level 2.5 Evocations


You had 6 spell levels left.
You didn't know any spells.
Your spell library contained the following spells:

 Spells                   Type           Power      Damage    Failure   Level
 Kiss of Death            Conj/Necr      0%         2d5       38%         1
 Animate Dead             Necr           0%         N/A       99%         4
 Borgnjor's Vile Clutch   Necr/Erth      0%         N/A       100%        5
 Death Channel            Necr           0%         N/A       100%        6


Dungeon Overview and Level Annotations

Branches:
Dungeon (5/15)             Temple (1/1) D:4

Altars:
Ashenzari
Cheibriados
Dithmenos
Fedhas
Hepliaklqana
Kikubaaqudgha
Makhleb
Ru
Sif Muna
Vehumet
Yredelemnul
Zin
The Shining One


Innate Abilities, Weirdness & Mutations

You cannot wear most types of armour.
You are amphibious.
You can wear up to eight rings at the same time.
Your skin changes colour to match your surroundings (Stealth+).
Your rubbery body absorbs attacks. (AC +1, EV +1)
((You are camouflaged when in or above water. (Stealth+)))
You have tentacles for arms and can constrict up to eight enemies at once.


Message History

Your Fighting skill increases to level 4!
Your Invocations skill increases to level 1!
You start resting.
Magic restored.
You start resting.
HP restored.
Okay, then.
Found an encrusted scale mail and a trident.
Found 12 gold pieces.
Found a long sword.
A centaur comes into view.
You see here the +1 scale mail of Crawling {rF+ Will+}.
An orc wizard comes into view. It is wielding a +0 dagger.
The orc wizard shouts!
The centaur shouts!
The centaur wields a +0 shortbow.
The centaur shoots an arrow.
The arrow completely misses you. The orc wizard casts a spell at you.
The puff of flame hits you!
You hear a shout! 2 orc priests come into view.
The orc priest shouts! x2; You hear a bark!
The centaur shoots an arrow.
You block the arrow.
An orc comes into view. It is wielding a +0 club.
The centaur shoots an arrow.
The arrow hits you!
The orc priest calls down the wrath of Beogh upon you.
Beogh smites you!
The centaur shoots an arrow.
The arrow closely misses you.
The centaur shoots an arrow.
The arrow closely misses you.
Found a stone staircase leading down.
The orc priest invokes the aid of Beogh against you.
Beogh smites you!
* * * LOW HITPOINT WARNING * * *
The orc priest calls down the wrath of Beogh upon you.
Pain shoots through your body!
* * * LOW HITPOINT WARNING * * *
Okay, then.
You fade into invisibility!
You block the orc wizard's attack.
The centaur unwields a +0 shortbow.
The centaur hits you.
You die...

..) ###..............
....#...............>
###...#)...............
#.......................
........................
..................o.....
.....###.......coo......
.....#≈#.....[..@o......
.....###........#....##.
.........###....#....#
...[....## ######....#
........##### ....#
............# #####
#.######.#.## #.# #.#.#
.. ..#.#


You could see a centaur (unable to see you), 2 orc priests, an orc wizard
(unable to see you) and an orc (unable to see you).

Vanquished Creatures
  Grinder (D:3)
  A black bear (D:5)
  A howler monkey (D:4)
  A jelly (D:3)
  2 orc priests (D:4)
  Ijyb (D:3)
  6 orc wizards
  4 gnolls (D:4)
  3 adders
  A worm (D:4)
  2 dart slugs
  4 orcs
  6 ball pythons
  A bat (D:1)
  4 endoplasms
  A giant cockroach (D:3)
  6 goblins
  2 hobgoblins
  2 jackals (D:4)
  6 quokkas
  3 frilled lizards
  5 kobolds
  4 rats
67 creatures vanquished.

Notes
Turn   | Place    | Note
-------+----------+-------------------------------------------
     0 | D:1      | tizbic2 the Octopode Fighter began the quest for the Orb.
     0 | D:1      | Reached XP level 1. HP: 16/16 MP: 1/1
   264 | D:1      | Reached XP level 2. HP: 21/21 MP: 2/2
  1060 | D:2      | Reached XP level 3. HP: 26/26 MP: 3/3
  1434 | D:3      | Reached skill level 1 in Unarmed Combat
  1434 | D:3      | Reached XP level 4. HP: 24/31 MP: 4/4
  1486 | D:3      | Noticed Grinder
  1546 | D:3      | Killed Grinder
  1547 | D:3      | Reached skill level 1 in Evocations
  1547 | D:3      | Reached XP level 5. HP: 36/36 MP: 5/5
  1547 | D:3      | Reached XP level 6. HP: 42/42 MP: 6/6
  1775 | D:3      | Noticed Ijyb
  1782 | D:3      | Killed Ijyb
  1952 | D:3      | Found a shimmering blue altar of Sif Muna.
  1965 | D:3      | Found an ancient bone altar of Kikubaaqudgha.
  1974 | D:3      | HP: 2/42 [orc wizard/+0 dagger (2)]
  2129 | D:3      | Got Kikubaaqudgha's Folio of the Catacomb
  2137 | D:3      | Found a radiant altar of Vehumet.
  2355 | D:4      | Found a staircase to the Ecumenical Temple.
  2359 | Temple   | Entered the Ecumenical Temple
  2431 | Temple   | Became a worshipper of Cheibriados the Contemplative
  2484 | D:4      | Reached XP level 7. HP: 43/47 MP: 7/7
  2743 | D:4      | Found a broken altar of Ashenzari.
  3183 | D:4      | Reached * piety under Cheibriados
  3248 | D:5      | Entered Level 5 of the Dungeon
  3254 | D:5      | Reached skill level 1 in Invocations
  3353 | D:5      | Identified the +1 scale mail of Crawling {rF+ Will+}
  3359 | D:5      | HP: 1/48 [orc priest/nerve-wracking pain (11)]
  3360 | D:5      | Slain by a centaur

Illustrated notes

Levels and vault maps discovered:
D:1:      nicolae_arrival_memento_mori, layout_loops_corners
D:2:      layout_basic, minivault_24
D:3:      wander_river, layout_basic, palyth_temple_overflow_mages,
          chequers_decorated_corner, hex_large, uniq_ijyb, uniq_grinder
D:4:      layout_cave_pods, mainiacjoe_overflow_six_doors_small,
          temple_hall_moat, minmay_misc_feat_diagonals, columned_hall_lemuel,
          kennysheep_generic_room_14
D:5:      cheibrodos_fertilizer, layout_basic, xom_redecorated, feat_on_display
Temple:   dpeg_three_leaves_temple

Skill      XL: |  1  2  3  4  5  6  7 |
---------------+----------------------+-----
Unarmed Combat | 1 2 3 |  3.1
Polearms       | 3 4 |  4.2
Shields        | 4 |  4.9
Evocations     | 1 2 |  2.5
Dodging        | 4 |  4.1
Fighting       | 4 |  4.0
Invocations    | 1 |  1.2

Action                     |  1- 3 |  4- 6 |  7- 9 || total
---------------------------+-------+-------+-------++-------
  Melee: Trident           |    36 |    47 |    45 ||   128
         Constrict         |    10 |    11 |    11 ||    32
         Tentacles         |     8 |    11 |     8 ||    27
         Staff             |     4 |       |       ||     4
         Punch             |       |     1 |     3 ||     4
  Throw: Stone             |     3 |     4 |     1 ||     8
    Use: Scroll            |     4 |     5 |       ||     9
         Potion            |       |     2 |     1 ||     3
   Stab: Sleeping          |    10 |     3 |     4 ||    17
 Armour: Skin              |     1 |       |     1 ||     2
  Dodge: Dodged            |    16 |    21 |    18 ||    55
  Block: Buckler           |     2 |     3 |     9 ||    14
